 Dungeon Crawl Stone Soup version 0.23.2-33-g5129a83 (webtiles) character file.

Game seed: 12568370470013851866

48 Fortress the Gusty (level 3, -1/28 HPs)
             Began as a Tengu Air Elementalist on July 11, 2019.
             Succumbed to a water moccasin's poison
             ... on level 2 of the Dungeon.
             The game lasted 00:08:21 (1726 turns).

Fortress the Gusty (Tengu Air Elementalist)         Turns: 1726, Time: 00:08:22

Health: -1/28      AC:  2    Str: 13    XL:     3   Next: 72%
Magic:  1/7        EV: 13    Int: 16    God:
Gold:   118        SH:  0    Dex: 14    Spells: 5/6 levels left

rFire    . . .     SeeInvis .   n - +3 whip
rCold    . . .     Gourm    .   (no shield)
rNeg     . . .     Faith    .   a - +0 robe
rPois    .         Spirit   .   (helmet restricted)
rElec    .         Reflect  .   (no cloak)
rCorr    .         Harm     .   (no gloves)
MR       .....                  (boots unavailable)
Stlth    ..........             (no amulet)
HPRegen  0.09/turn              (no ring)
MPRegen  0.10/turn              (no ring)

@: berserking, lethally poisoned (-1 -> -17), very slightly contaminated, very
quick
A: beak, talons 3
a: no special abilities


You were on level 2 of the Dungeon.
You were not hungry.

You visited 1 branch of the dungeon, and saw 2 of its levels.

You collected 118 gold pieces.

Inventory:

Hand Weapons
 e - a +0 short sword
 n - a +3 whip (weapon)
Missiles
 m - 11 poisoned needles
Armour
 a - a +0 robe (worn)
Scrolls
 b - a scroll of remove curse
 g - 3 scrolls of identify
 h - 2 scrolls of magic mapping {unknown}
 j - a scroll of random uselessness {unknown}
 k - 2 scrolls of immolation {unknown}
Potions
 i - 2 potions of ambrosia {unknown}
 l - a potion of invisibility {unknown}
Comestibles
 c - a ration


   Skills:
 - Level 0.1 Short Blades
 - Level 3.0 Dodging
 - Level 2.1 Stealth
 + Level 2.3 Spellcasting
 + Level 2.0 Conjurations
 + Level 4.7 Air Magic


You had 5 spell levels left.
You knew the following spells:

 Your Spells              Type           Power        Failure   Level  Hunger
a - Shock                 Conj/Air       ##..         4%          1    #......

Your spell library contained the following spells:

 Spells                   Type           Power        Failure   Level  Hunger
 Swiftness                Chrm/Air       #.......     12%         2    ###....
 Static Discharge         Conj/Air       ##......     14%         3    ###....
 Airstrike                Air            ###.......   28%         4    #####..
 Lightning Bolt           Conj/Air       ##........   80%         5    ######.


Dungeon Overview and Level Annotations

Branches:
Dungeon (2/15)

Altars:


Innate Abilities, Weirdness & Mutations

You have a beak for a mouth.
You have claws for feet.


Message History

The water moccasin is moderately wounded.
The zap hits the hobgoblin but does no damage.
The hobgoblin is severely wounded.
The hobgoblin barely misses you.
Casting: Shock (safe; 4% risk of failure)
Confirm with . or Enter, or press ? or * to list all spells.
You don't have enough magic to cast that spell.
You hit the hobgoblin.
You kill the hobgoblin!
The water moccasin bites you! The water moccasin bites you.
* * * LOW HITPOINT WARNING * * *
A red film seems to cover your vision as you go berserk!
You feel yourself moving faster!
You feel mighty! The water moccasin bites you!
* * * LOW HITPOINT WARNING * * *
You are lethally poisoned!
The water moccasin poisons you!
You miss the water moccasin. Your kick misses the water moccasin.
You peck the water moccasin.
The water moccasin is heavily wounded.
You die...

#....#)........#.+ ..
#....#+###†#....##...
#.......##.+.....^...
#..........#.....####
#........#>#.........
#........#.#..##.....
#........#.#...#####.
#..S.....#.#...#
#..)@..#.#.#...#
#..#.###.#.....###
#..#.# ..#.##..#.###
#..#.# #.#.#...#...#
#..... ..........#.##
#.##+# ..............
#. .##..######.## ##
#.. #... #.. ####


You could see a water moccasin.

Vanquished Creatures
  A worm (D:2)
  A dart slug (D:1)
  A leopard gecko (D:1)
  2 giant cockroaches (D:1)
  5 goblins (D:1)
  5 hobgoblins
  2 jackals (D:1)
  6 kobolds
  3 quokkas (D:2)
  5 bats (D:1)
  3 frilled lizards
  4 rats (D:1)
38 creatures vanquished.

Notes
Turn   | Place    | Note
-------+----------+-------------------------------------------
     0 | D:1      | Fortress the Tengu Air Elementalist began the quest for the
                  | Orb.
     0 | D:1      | Reached XP level 1. HP: 10/10 MP: 4/4
   100 | D:1      | Reached XP level 2. HP: 4/15 MP: 3/6
   813 | D:1      | Reached XP level 3. HP: 16/19 MP: 0/7
  1717 | D:2      | Noticed a water moccasin
  1725 | D:2      | HP: 1/28 [water moccasin (7)]
  1726 | D:2      | Succumbed to a water moccasin's poison

Skill      XL: |  1  2  3 |
---------------+----------+-----
Dodging        | 3 |  3.0
Conjurations   | 2 |  2.0
Short Blades   | |  0.1
Stealth        | |  2.1
Spellcasting   | |  2.3
Air Magic      | |  4.7

Action                   || total
-------------------------++-------
Melee: Short sword       ||    18
       Kick              ||     8
       Peck              ||     5
       Whip              ||     6
 Cast: Shock             ||    65
  Use: Scroll            ||     2
       Potion            ||     1
  Eat: Chunk             ||     4
Armor: Robe              ||     8
Dodge: Dodged            ||    23
